 Dungeon Crawl Stone Soup version 0.20.1-1-g8b1a95d (webtiles) character file.

276 Monsterracer the Conjurer (level 5, -9/38 HPs)
             Began as a Demigod Conjurer on Aug 30, 2017.
             Mangled by Duvessa
             ... wielding a cursed -1 short sword
              (19 damage)
             ... on level 4 of the Dungeon.
             The game lasted 00:06:07 (3681 turns).

Monsterracer the Conjurer (Demigod Conjurer)        Turns: 3681, Time: 00:06:08

Health: -9/38      AC:  4    Str: 11    XL:     5   Next: 73%
Magic:  3/13       EV: 12    Int: 21    God:
Gold:   156        SH:  0    Dex: 16    Spells: 3/10 levels left

rFire    . . .     SeeInvis .   f - -2 dagger (curse)
rCold    . . .     Gourm    .   (no shield)
rNeg     . . .     Faith    .   a - +0 robe
rPois    .         Spirit   .   h - +0 helmet
rElec    .         Reflect  .   m - +0 cloak
rCorr    .         Harm     .   (no gloves)
MR       .....                  (no boots)
Stlth    ++........             (no amulet)
Regen    0.2/turn               (no ring)
MPRegen  0.2/turn               (no ring)

@: no status effects
A: high mp 1
a: no special abilities


You were on level 4 of the Dungeon.
You were not hungry.

You visited 1 branch of the dungeon, and saw 4 of its levels.

You collected 156 gold pieces.

Inventory:

Hand Weapons
 f - a cursed -2 dagger (weapon)
 o - a +0 dagger of speed
Missiles
 u - a throwing net (quivered)
Armour
 a - a +0 robe (worn)
 h - a +0 helmet (worn)
 m - a +0 cloak (worn)
Magical Staves
 p - an uncursed staff of cold {unknown}
Scrolls
 l - a scroll of recharging
Potions
 e - a potion of mutation
 g - a potion of might {unknown}
 i - a potion of magic {unknown}
 k - a potion of flight {unknown}
 n - a potion of curing
 s - a potion of berserk rage {unknown}
 t - a potion of cancellation {unknown}
Books
 b - a book of Conjurations

   Spells                             Type                      Level
   a - Magic Dart                     Conjuration                  1
   b - Searing Ray                    Conjuration                  2
   c - Dazzling Spray                 Conjuration/Hexes            3
   d - Fulminant Prism                Conjuration/Hexes            4
   e - Force Lance                    Conjuration/Translocation    4
   f - Iskenderun's Mystic Blast      Conjuration                  4
Comestibles
 c - 2 bread rations
 d - 3 meat rations
 j - a royal jelly
 q - a fruit
 r - 2 chunks of flesh


   Skills:
 - Level 1.7 Dodging
 - Level 1.7 Stealth
 + Level 3.4 Spellcasting
 * Level 5.8 Conjurations


You had 3 spell levels left.
You knew the following spells:

 Your Spells              Type           Power        Failure   Level  Hunger
a - Magic Dart            Conj           ####         1%          1    None
b - Searing Ray           Conj           ####..       1%          2    ##.....
c - Iskenderun's Mystic   Conj           ####....     12%         4    ####...


Dungeon Overview and Level Annotations

Branches:
Dungeon (4/15)
 Temple: D:4-7

Annotations:
D:4 Duvessa


Innate Abilities, Weirdness & Mutations

You have an increased reservoir of magic. (+10% MP)


Message History

The frilled lizard closely misses you.
Damage: -14%(-5hp) hp: 58%(22hp)
The searing ray hits Duvessa.
Duvessa is lightly wounded.
Duvessa hits you with a short sword!
* * * LOW HITPOINT WARNING * * *
The frilled lizard barely misses you.
Huge Dmg: -23%(-9hp) hp: 35%(13hp)
The searing ray hits Duvessa.
Duvessa is moderately wounded.
Duvessa hits you with a short sword.
* * * LOW HITPOINT WARNING * * *
Duvessa barely misses you. The frilled lizard closely misses you.
Huge Dmg: -8%(-3hp) hp: 27%(10hp)
The searing ray hits Duvessa.
Duvessa is moderately wounded.
* * * LOW MAGIC WARNING * * *
You finish channeling your searing ray.
Duvessa hits you with a short sword!!
Ouch! That really hurt!
You die...

## .# # . ..
.##. .## .).
..#..#
.######.#.##.#
......e).....#
#.@l...#
#........#
##.....[....
#....#####>
####.# .# ..
#.


You could see Duvessa (berserk) and a frilled lizard.

Vanquished Creatures
  Dowan (D:4)
  A worker ant (D:3)
  9 adders
  3 gnolls (D:3)
  An ooze (D:3)
  A worm (D:3)
  5 dart slugs
  5 leopard geckos
  3 giant cockroaches
  6 goblins
  9 hobgoblins
  2 jackals (D:3)
  4 kobolds
  2 ball pythons
  13 bats
  5 frilled lizards
  9 rats
79 creatures vanquished.

Notes
Turn   | Place    | Note
-------+----------+-------------------------------------------
     0 | D:1      | Monsterracer the Demigod Conjurer began the quest for the Orb.
     0 | D:1      | Reached XP level 1. HP: 14/14 MP: 5/5
   483 | D:1      | Reached XP level 2. HP: 20/20 MP: 5/7
   809 | D:1      | Reached skill level 4 in Conjurations
  1266 | D:2      | Reached XP level 3. HP: 26/26 MP: 3/9
  1270 | D:2      | Learned a level 2 spell: Searing Ray
  2001 | D:2      | Reached XP level 4. HP: 33/33 MP: 7/10
  2007 | D:2      | Learned a level 4 spell: Iskenderun's Mystic Blast
  2686 | D:3      | HP: 16/33 [poisoned by a worker ant]
  2694 | D:3      | HP: 15/33 [poisoned by a worker ant]
  2866 | D:3      | Reached skill level 5 in Conjurations
  3154 | D:3      | Reached XP level 5. HP: 38/38 MP: 7/12
  3673 | D:4      | Noticed Duvessa
  3673 | D:4      | Noticed Dowan
  3677 | D:4      | Killed Dowan
  3679 | D:4      | HP: 13/38 [Duvessa/short sword (9)]
  3681 | D:4      | Mangled by Duvessa

Skill      XL: |  1  2  3  4 |
---------------+-------------+-----
Spellcasting   | 2 3 |  3.4
Conjurations   | 4 5 |  5.8
Dodging        | |  1.7
Stealth        | |  1.7

Action                   |  1- 3 |  4- 6 || total
-------------------------+-------+-------++-------
Melee: Dagger            |       |    23 ||    23
 Cast: Magic Dart        |    83 |    61 ||   144
       Searing Ray       |     2 |     9 ||    11
  Use: Scroll            |     2 |     2 ||     4
  Eat: Chunk             |     4 |     5 ||     9
Armor: Robe              |     8 |    13 ||    21
Dodge: Dodged            |    14 |    32 ||    46
